Map: [TLMC15] Hardwire

Players

Maru - Winner!

  • Race: Terran Terran

Serral

  • Race: Zerg Zerg

Event: DreamHack SC2 Masters 2021 Winter

VOD

Have the link to the VOD?

Description

2021 dream hack winter - season finals - group stage

Time

  • Played on: Nov. 12, 2021, 10:23 a.m.
  • Length: 30:47

All games in this series

Show
View Real Time Build Order
Export as new Build Order

Maru Terran - Winner!

Build Orders: Reaper Expand 

Get SALT Encoding   

  12  0:00  SCV  
  13  0:12  SCV  
  14  0:17  Supply Depot  
  14  0:24  SCV  
  15  0:39  SCV  
  15  0:40  Barracks  
  15  0:42  Refinery  
  16  0:51  SCV  
  17  1:03  SCV  
  18  1:15  SCV  
  19  1:27  Orbital Command, Reaper  
  20  1:38  Command Center  
  20  1:49  Supply Depot  
  20  1:53  SCV  
  21  1:59  Marine  
  22  2:05  SCV  
  22  2:06  Factory  
  23  2:17  SCV  
  23  2:21  Barracks Reactor  
  24  2:29  SCV  
  25  2:41  SCV  
  26  2:45  Command Center  
  26  2:50  Orbital Command  
  26  2:53  SCV  
  26  2:58  Starport  
  28  3:05  SCV  
  28  3:06  Refinery  
  28  3:12  Hellion  
  30  3:14  Hellion  
  30  3:17  SCV  
  33  3:21  SCV  
  34  3:29  SCV  
  34  3:33  SCV  
  36  3:36  Viking  
  36  3:38  Hellion x2  
  36  3:39  Barracks Tech Lab  
  42  3:41  SCV  
  42  3:45  SCV  
  44  3:54  SCV, Supply Depot  
  45  3:57  SCV, Orbital Command  
  45  4:00  Marauder  
  48  4:03  Hellion  
  48  4:05  Hellion  
  48  4:07  SCV  
  48  4:09  SCV  
  54  4:12  Medivac  
  54  4:13  Concussive Shells  
  56  4:19  SCV  
  56  4:20  Supply Depot  
  56  4:22  SCV  
  56  4:24  Marauder  
  60  4:27  Hellion x2  
  64  4:33  SCV  
  64  4:34  SCV  
  64  4:36  Supply Depot  
  66  4:39  Armory  
  66  4:43  SCV  
  66  4:44  Supply Depot  
  66  4:45  SCV, Marauder  
  69  4:51  Hellion x2  
  74  4:53  SCV  
  75  5:01  Stimpack  
  75  5:06  Marine  
  78  5:07  Refinery, SCV x2  
  78  5:10  Barracks  
  78  5:11  Barracks  
  78  5:12  Hellion  
  80  5:17  Starport Reactor, Engineering Bay  
  80  5:18  SCV, Engineering Bay  
  80  5:20  SCV  
  82  5:24  Supply Depot  
  82  5:26  SCV  
  83  5:32  Marine  
  83  5:33  SCV, Orbital Command  
  86  5:36  Hellion x7  
  86  5:39  SCV  
  86  5:42  Refinery  
  84  5:45  Terran Infantry Weapons Level 1  
  84  5:46  SCV, Terran Infantry Armor Level 1  
  81  5:50  Marine  
  80  5:58  Barracks  
  80  5:59  Barracks, Barracks Reactor x2  
  80  6:01  SCV  
  81  6:05  SCV  
  81  6:06  SCV  
  81  6:08  Marine, Widow Mine x2  
  88  6:13  SCV  
  88  6:17  SCV  
  90  6:20  SCV  
  90  6:25  SCV  
  92  6:26  Marine  
  92  6:28  Supply Depot  
  92  6:29  Supply Depot, Widow Mine x2  
  92  6:30  SCV  
  98  6:33  SCV  
  98  6:35  Factory  
  98  6:37  SCV  
  100  6:40  Marine  
  100  6:41  Combat Shield  
  100  6:47  Supply Depot, Barracks Reactor x2  
  101  6:48  Supply Depot  
  101  6:49  SCV, Marine x4, Hellion x4  
  101  6:51  SCV x2  
  108  6:54  Medivac x2  
  108  6:57  Marine  
  108  7:00  Refinery  
  113  7:01  SCV  
  113  7:02  Supply Depot  
  113  7:03  SCV  
  113  7:07  Marine x2  
  113  7:08  Command Center, Marine  
  118  7:15  Widow Mine  
  120  7:18  SCV  
  120  7:19  Factory Tech Lab  
  120  7:20  SCV x2  
  120  7:22  Supply Depot, Marine x2  
  125  7:24  Sensor Tower, Medivac x2  
  125  7:25  Marine x2  
  125  7:28  Marine x3  
  125  7:29  Marine x2  
  136  7:30  SCV  
  136  7:32  SCV  
  136  7:33  SCV  
  139  7:38  Drilling Claws  
  139  7:40  Supply Depot, Widow Mine  
  139  7:43  SCV, Marine  
  139  7:44  Supply Depot, Widow Mine  
  145  7:54  Supply Depot  
  143  8:02  SCV x2, Supply Depot, Siege Tank, Widow Mine  
  143  8:03  Supply Depot, Terran Infantry Weapons Level 2  
  143  8:04  Marine  
  143  8:05  Marine x6  
  157  8:06  Widow Mine  
  157  8:12  Terran Infantry Armor Level 2  
  157  8:15  SCV  
  157  8:16  Refinery  
  157  8:17  Supply Depot  
  156  8:21  Marine x2  
  156  8:22  Marine  
  156  8:26  Marine  
  158  8:30  SCV  
  158  8:31  SCV x2, Barracks  
  158  8:33  Marine  
  158  8:35  Barracks  
  158  8:36  Barracks  
  158  8:39  Widow Mine x2  
  162  8:42  SCV  
  162  8:45  Medivac x2  
  167  8:50  SCV x2  
  168  8:59  Widow Mine  
  168  9:00  Planetary Fortress  
  168  9:01  Widow Mine x2  
  172  9:03  Marine x2  
  172  9:04  Marine x2  
  174  9:11  SCV x3  
  174  9:15  Medivac x2  
  179  9:19  Marine x2  
  179  9:20  Marine x2, Widow Mine  
  179  9:22  Widow Mine  
  179  9:23  Barracks Tech Lab x3  
  186  9:26  Marine, Command Center  
  186  9:27  Marine x2  
  186  9:28  Widow Mine  
  190  9:37  Marine  
  190  9:38  Marine, Marauder  
  193  9:41  Widow Mine  
  185  9:46  Marine x2  
  185  9:47  Marauder x2  
  185  9:49  Marine, Marauder  
  185  9:58  Widow Mine x2  
  185  9:59  Marauder  
  178  10:01  Medivac x2  
  178  10:03  Widow Mine  
  178  10:06  Sensor Tower  
  180  10:08  Marauder  
  180  10:15  Marine x2, Marauder x2  
  180  10:18  Marine  
  180  10:20  Widow Mine, Marauder  
  187  10:27  Marine x3  
  187  10:29  Terran Infantry Weapons Level 3, Marauder  
  187  10:32  Refinery x2, Marine x3  
  187  10:33  Command Center, Marine  
  193  10:36  Marauder x2  
  193  10:42  Marauder  
  195  10:51  Marauder  
  195  10:52  Marine  
  191  10:57  Marauder  
  191  10:58  Marauder  
  191  11:01  Marine  
  191  11:02  Marine  
  191  11:03  Marauder  
  161  11:05  Widow Mine x2  
  161  11:06  Medivac x2, Widow Mine  
  161  11:11  Terran Infantry Armor Level 3  
  170  11:12  Marine x6, Marauder  
  170  11:18  SCV x2  
  180  11:19  Barracks, Marine, Ghost Academy, Marauder x2  
  180  11:20  Marine  
  180  11:21  Barracks  
  180  11:22  Barracks  
  180  11:24  Marauder  
  188  11:26  Terran Vehicle And Ship Armor Level 1  
  188  11:29  Marine  
  188  11:30  Marine x5  
  188  11:31  Widow Mine x3  
  200  11:35  Planetary Fortress  
  199  11:51  Marine  
  199  11:52  Marine, Marauder x2  
  191  11:57  Marine x3  
  191  11:58  Marauder x2  
  191  12:01  Orbital Command  
  196  12:02  Command Center  
  196  12:06  Marine  
  186  12:09  Marine  
  186  12:10  Marine  
  186  12:13  Marauder  
  186  12:14  Marauder  
  192  12:15  Barracks Tech Lab x2  
  192  12:16  Barracks Reactor  
  192  12:19  Marauder x2  
  192  12:21  Marine  
  193  12:31  Marine, Medivac x2, Widow Mine x2  
  193  12:35  Marauder x2  
  193  12:36  Widow Mine  
  173  12:37  Marine  
  173  12:38  Marine  
  173  12:40  Ghost, Marauder  
  173  12:43  Marine x2  
  173  12:44  Marine x2  
  186  12:51  Ghost x2, Personal Cloaking  
  183  12:52  Widow Mine  
  183  12:53  Marine x3  
  183  12:54  Marine  
  183  12:55  Marine, Orbital Command, Ghost x2  
  198  13:01  Medivac  
  200  13:06  Widow Mine  
  197  13:17  Ghost  
  197  13:18  Ghost  
  197  13:19  Ghost x2, Marine x2  
  184  13:20  Marine  
  184  13:22  SCV  
  184  13:25  Ghost  
  194  13:31  Orbital Command  
  192  13:34  Ghost  
  177  13:43  Marine  
  177  13:44  Marine x6  
  177  13:45  Widow Mine  
  177  13:46  Ghost x2, SCV  
  177  13:47  SCV  
  177  13:48  Refinery x2  
  190  14:00  Command Center  
  190  14:01  Orbital Command, Widow Mine  
  190  14:07  Sensor Tower  
  190  14:12  Terran Vehicle And Ship Armor Level 2, Marine, Marauder x3  
  190  14:16  Nuke  
  195  14:20  Marine  
  195  14:21  Marauder  
  195  14:22  Ghost  
  179  14:28  Marine x5, Marauder  
  179  14:30  Neosteel Armor  
  186  14:32  Liberator  
  186  14:33  Marauder x3, Missile Turret x2  
  186  14:34  Widow Mine  
  197  14:42  Marauder  
  199  14:50  Hi-Sec Auto Tracking  
  199  14:54  Command Center  
  199  15:17  Liberator  
  199  15:18  Missile Turret  
  195  15:42  Ghost x5  
  187  15:49  Ghost  
  189  15:54  Widow Mine x2  
  189  15:56  Orbital Command  
  190  16:07  Planetary Fortress  
  190  16:10  Ghost x2  
  190  16:11  Ghost, Marauder  
  194  16:12  Marauder  
  200  16:25  Widow Mine  
  174  16:48  Marine  
  174  16:49  Marine, Marauder x2  
  174  16:53  Orbital Command  
  174  16:54  Medivac x2, Widow Mine x3  
  158  16:55  Ghost x3  
  158  16:58  Marine  
  158  16:59  Marauder  
  164  17:02  Marine x6  
  164  17:06  Marine x2  
  172  17:10  Marauder  
  172  17:11  Marauder  
  172  17:15  Refinery x2  
  175  17:16  Marine  
  175  17:19  Widow Mine x2  
  175  17:20  SCV x2, Marine x6, Marauder  
  175  17:21  SCV x2  
  191  17:24  Marine x2, Marauder x2  
  197  17:30  Marine  
  197  17:32  Marauder  
  200  17:42  Orbital Command  
  147  17:52  Ghost x3  
  147  17:53  Medivac x2  
  147  17:56  Ghost x3  
  147  17:57  Marine x9  
  153  17:59  SCV x2  
  153  18:00  SCV x2  
  153  18:01  Refinery  
  157  18:07  Widow Mine x3  
  157  18:11  SCV  
  164  18:15  Marine x7  
  164  18:20  Command Center  
  164  18:21  Marauder  
  164  18:22  Marauder  
  164  18:23  Medivac x2  
  172  18:28  Widow Mine x3  
  178  18:34  Missile Turret  
  178  18:39  Ghost x2, Marine, Missile Turret  
  178  18:40  Marine x5  
  188  18:53  Medivac x2  
  190  19:05  Marine x2  
  190  19:06  Marauder  
  188  19:13  Marauder  
  188  19:16  Ghost x2  
  188  19:17  Ghost x2  
  178  19:21  Sensor Tower  
  178  19:22  Missile Turret  
  178  19:23  Viking x2, Orbital Command  
  190  19:25  Command Center  
  190  19:29  Widow Mine x3  
  194  19:50  Widow Mine x2  
  194  19:51  Sensor Tower  
  193  19:53  Liberator x2  
  190  20:18  Ghost  
  190  20:19  Marine x2  
  183  20:35  Marine x2  
  183  20:36  Marauder x2  
  183  20:42  SCV  
  187  20:47  Orbital Command  
  187  20:52  SCV  
  187  20:53  SCV x3  
  187  20:54  SCV  
  188  20:57  Planetary Fortress  
  187  21:04  SCV  
  187  21:05  SCV x2  
  185  21:19  Marine x2  
  185  21:20  Marine x2, Marauder x4  
  197  21:37  SCV x3, Missile Turret  
  200  21:51  Missile Turret x2  
  183  22:03  Marauder  
  183  22:04  Marauder x2  
  168  22:22  Marauder, Missile Turret  
  170  22:23  Widow Mine x2, Missile Turret  
  170  22:24  Medivac x2  
  178  22:31  Sensor Tower, Marine x8, Marauder x5  
  178  22:32  Marine  
  178  22:33  Command Center  
  178  22:34  Terran Vehicle And Ship Armor Level 3, Widow Mine  
  199  22:37  Orbital Command  
  199  22:42  Command Center  
  199  22:49  Marine  
  200  22:57  Widow Mine  
  144  23:29  Ghost x3  
  144  23:31  Ghost x3  
  144  23:32  Marine x9  
  160  23:42  Sensor Tower  
  160  23:47  Refinery x2, Liberator x2  
  166  23:49  Marine  
  166  23:50  Marine x4  
  166  23:55  Command Center  
  171  23:56  Marine  
  171  23:59  Marauder x3  
  171  24:00  Marauder x2  
  171  24:01  Marauder  
  171  24:10  Marine x6  
  171  24:11  Marine  
  176  24:19  Marine x2  
  176  24:20  Marauder x3  
  176  24:22  Marauder x3  
  190  24:27  Marine  
  190  24:28  Marine, Widow Mine x2  
  193  24:33  Marine x2  
  187  24:41  Marauder x3  
  187  24:43  SCV, Marauder x3  
  187  24:44  SCV x3  
  196  25:01  Sensor Tower  
  196  25:03  Marauder x2  
  195  25:14  Ghost x3  
  187  25:26  Marine x2  
  188  25:35  Missile Turret  
  188  25:36  Ghost x2  
  188  25:37  Liberator x2  
  188  25:42  Widow Mine  
  200  25:56  Command Center  
  200  26:05  Orbital Command  
  200  26:09  Missile Turret  
  200  26:23  Command Center  
  200  26:24  Command Center x2  
  200  26:27  Sensor Tower  
  200  26:44  Refinery  
  191  27:26  Terran Ship Weapons Level 1  
  191  27:36  Command Center  
  191  27:58  Liberator x2  
  173  28:08  Planetary Fortress  
  173  28:10  Marauder  
  173  28:11  Marine x8, Marauder x4  
  183  28:21  Refinery, Planetary Fortress  
  183  28:23  Refinery  
  183  28:25  Marine  
  183  28:26  Marauder  
  186  28:27  Planetary Fortress  
  186  28:28  Marine  
  186  28:29  Marine x2  
  186  28:32  Marauder x3  
  194  28:35  Marine x2  
  194  28:36  Marauder x2  
  194  28:41  Medivac x2  
  196  28:44  Marine x2  
  196  28:47  Marauder  
  194  28:52  Marine  
  194  28:53  Marauder x2  
  198  29:14  Sensor Tower  
  198  29:18  Orbital Command  
  198  29:22  Missile Turret  
  198  29:24  Marine x2  
  198  29:46  Medivac  
  190  29:53  Ghost x2  
  190  29:54  Ghost x2  
  181  30:16  Ghost  
Show
View Real Time Build Order
Export as new Build Order

Serral Zerg 

Build Orders: Hatch First, Lurkers 

Get SALT Encoding   

  12  0:00  Drone  
  13  0:12  Overlord  
  13  0:16  Drone  
  14  0:31  Drone x2  
  16  0:47  Hatchery  
  15  0:51  Drone  
  15  0:54  Drone  
  17  0:58  Drone  
  18  1:09  Extractor  
  17  1:13  Spawning Pool  
  17  1:16  Drone  
  17  1:19  Drone  
  18  1:28  Drone  
  19  1:38  Drone  
  20  1:50  Drone  
  21  1:59  Queen x2  
  21  2:00  Zergling x4  
  27  2:10  Drone  
  27  2:11  Overlord  
  28  2:22  Hatchery  
  27  2:27  Drone  
  28  2:30  Drone  
  28  2:35  Drone x2  
  31  2:38  Metabolic Boost  
  31  2:45  Queen  
  33  2:52  Overlord  
  33  2:54  Drone  
  33  2:56  Drone  
  33  2:57  Drone  
  36  3:03  Overlord  
  36  3:10  Drone x4  
  40  3:16  Queen  
  42  3:20  Drone  
  42  3:24  Drone  
  44  3:27  Queen  
  44  3:33  Drone x2  
  48  3:36  Queen  
  48  3:39  Overlord  
  49  3:44  Drone  
  49  3:45  Drone  
  49  3:46  Zergling x4  
  49  3:48  Drone x2  
  55  3:53  Queen  
  57  4:00  Drone x4  
  61  4:04  Queen  
  63  4:11  Overlord  
  63  4:13  Drone x2  
  63  4:16  Overlord  
  65  4:20  Overlord  
  65  4:29  Overlord  
  65  4:34  Queen  
  65  4:35  Zergling x4  
  65  4:36  Zergling x4  
  65  4:37  Drone x2  
  73  4:39  Drone  
  73  4:40  Drone x4  
  73  4:41  Drone  
  79  4:46  Spore Crawler  
  79  4:47  Extractor  
  79  4:50  Zergling x4, Evolution Chamber x2, Spore Crawler  
  76  4:57  Drone x4  
  79  5:00  Drone  
  79  5:02  Drone  
  81  5:11  Queen x3  
  87  5:20  Zergling x4  
  89  5:23  Drone  
  89  5:27  Zergling x2  
  90  5:30  Drone  
  90  5:32  Drone x2  
  90  5:35  Zerg Melee Weapons Level 1, Zerg Ground Armor Level 1  
  88  5:36  Overlord x2  
  88  5:39  Overlord  
  88  5:42  Overlord  
  88  5:44  Zergling x2  
  88  5:47  Hatchery  
  86  5:51  Drone x3  
  86  5:52  Drone  
  86  5:54  Lair  
  90  5:57  Extractor x2, Baneling Nest, Drone x2  
  90  5:58  Extractor, Drone x3  
  91  6:06  Zergling x2  
  91  6:07  Zergling x2  
  91  6:08  Hatchery, Drone  
  93  6:13  Drone  
  93  6:21  Drone x2  
  93  6:24  Overlord  
  95  6:28  Drone x9  
  95  6:31  Drone x2  
  106  6:41  Zergling x2  
  106  6:42  Baneling x3  
  106  6:43  Baneling x4  
  106  6:44  Baneling  
  106  6:45  Zergling x4  
  109  6:47  Pneumatized Carapace  
  109  6:51  Zergling x2  
  109  6:52  Centrifugal Hooks  
  110  6:57  Overseer  
  110  7:01  Queen  
  110  7:02  Drone x3  
  110  7:03  Zergling x18  
  124  7:09  Zergling x2  
  124  7:10  Hydralisk Den  
  124  7:14  Zergling x6  
  127  7:22  Baneling x5  
  127  7:26  Hatchery, Zergling x10  
  131  7:33  Zerg Melee Weapons Level 2  
  131  7:34  Zerg Ground Armor Level 2  
  131  7:35  Drone x3, Spore Crawler  
  132  7:38  Zergling x12  
  132  7:39  Zergling x6  
  132  7:41  Overlord x2  
  139  7:45  Overlord  
  139  7:46  Overlord  
  139  7:48  Baneling  
  139  7:49  Baneling, Muscular Augments, Spore Crawler  
  139  7:50  Drone  
  128  7:59  Drone x4  
  128  8:01  Drone  
  133  8:05  Baneling  
  133  8:06  Baneling x7  
  133  8:08  Drone x3  
  135  8:14  Drone x4  
  135  8:16  Zergling x16  
  141  8:25  Zergling x12  
  141  8:29  Zergling x4  
  143  8:34  Infestation Pit  
  143  8:35  Spore Crawler  
  143  8:36  Hydralisk x3  
  143  8:39  Baneling x3  
  143  8:40  Baneling x5  
  147  8:44  Hydralisk x3  
  147  8:47  Zergling x18  
  147  8:48  Zergling x6  
  160  9:02  Zergling x16  
  166  9:09  Overlord x3  
  164  9:11  Hatchery  
  164  9:14  Hive  
  164  9:16  Extractor  
  162  9:17  Extractor  
  162  9:20  Overseer  
  162  9:22  Drone  
  162  9:23  Drone x8  
  169  9:26  Zergling x8  
  173  9:32  Zergling x10  
  177  9:39  Baneling x3  
  177  9:42  Baneling x9  
  173  9:46  Zergling x22  
  173  9:49  Overseer  
  178  9:55  Hydralisk x5  
  180  10:02  Drone  
  180  10:03  Overlord  
  181  10:10  Drone x10  
  178  10:21  Zerg Missile Weapons Level 1  
  177  10:25  Zergling x18  
  181  10:31  Viper x2  
  181  10:33  Adrenal Glands  
  187  10:38  Baneling x2  
  185  10:44  Zergling x18  
  190  10:53  Baneling x3, Extractor  
  182  10:59  Zergling x30  
  176  11:05  Zerg Ground Armor Level 3  
  176  11:08  Extractor, Drone x3  
  178  11:13  Spore Crawler  
  178  11:16  Lurker Den  
  178  11:17  Zergling x10  
  178  11:18  Zergling x2  
  182  11:21  Spore Crawler  
  182  11:22  Baneling x4  
  182  11:23  Baneling x2  
  182  11:25  Drone  
  182  11:26  Zergling x8  
  186  11:37  Burrow  
  186  11:42  Baneling x2  
  186  11:44  Zergling x30  
  196  11:50  Zergling x6  
  196  11:51  Zergling x10  
  172  12:02  Baneling x4  
  172  12:08  Baneling x7  
  163  12:09  Zergling x26  
  173  12:16  Seismic Spines  
  173  12:17  Drone  
  173  12:18  Lurker x5  
  168  12:32  Zergling x30  
  165  12:38  Drone  
  165  12:39  Drone  
  165  12:41  Drone x3  
  165  12:42  Drone x4  
  174  12:46  Overseer  
  174  12:47  Overseer  
  174  12:51  Overseer  
  174  12:54  Lurker x4  
  174  12:55  Overseer  
  174  12:57  Zergling x2, Nydus Network  
  174  12:58  Zergling x12  
  184  13:00  Baneling x3  
  183  13:10  Zerg Missile Weapons Level 2  
  181  13:13  Zergling x20, Overseer  
  181  13:15  Overseer  
  180  13:20  Zergling x16  
  188  13:37  Baneling x6  
  178  13:48  Nydus Canal  
  178  13:50  Overseer  
  178  13:53  Zergling x8  
  178  13:54  Zergling x12  
  188  13:55  Overlord  
  188  13:56  Overlord  
  188  14:00  Baneling  
  188  14:01  Baneling x5  
  188  14:05  Overseer  
  188  14:07  Overseer  
  188  14:09  Overlord x2  
  184  14:21  Zergling x26  
  184  14:22  Zergling x6  
  172  14:28  Adaptive Talons  
  172  14:31  Zergling x4  
  173  14:33  Baneling x12  
  173  14:34  Baneling  
  173  14:38  Hydralisk x4  
  173  14:42  Zerg Melee Weapons Level 3  
  173  14:43  Zergling x20  
  191  14:45  Overseer  
  191  14:47  Overlord  
  191  14:49  Baneling x10, Overseer  
  191  14:51  Nydus Canal  
  191  14:56  Hatchery  
  191  14:58  Hatchery  
  191  14:59  Zergling x14  
  195  15:12  Nydus Canal  
  192  15:16  Overseer  
  192  15:21  Zergling x34  
  185  15:41  Zergling x36  
  188  15:46  Zergling x2  
  165  15:57  Zergling x8  
  165  15:58  Zergling x4  
  171  16:05  Overseer  
  171  16:06  Overseer  
  171  16:07  Baneling x2  
  171  16:08  Baneling x27  
  171  16:10  Infestor x2  
  170  16:15  Zergling x18  
  176  16:18  Hatchery  
  176  16:22  Zergling x2  
  171  16:25  Drone x2  
  172  16:34  Zergling x28  
  172  16:35  Zergling x2  
  137  16:56  Zergling x40  
  155  17:03  Baneling x9  
  155  17:04  Baneling  
  155  17:05  Infestor  
  155  17:08  Infestor  
  155  17:09  Zergling x26  
  155  17:10  Overseer  
  164  17:19  Zergling x22  
  164  17:21  Zergling x2  
  172  17:28  Lurker x2  
  172  17:29  Lurker, Overseer  
  173  17:37  Hydralisk x7  
  180  17:49  Hydralisk x5  
  180  17:50  Zergling x10  
  159  17:55  Infestor x2  
  152  18:01  Hatchery  
  152  18:03  Drone x2  
  152  18:04  Drone  
  154  18:08  Lurker x7  
  161  18:16  Baneling x6  
  161  18:18  Lurker x5  
  166  18:21  Overseer  
  166  18:24  Zergling x16  
  174  18:27  Extractor x2  
  174  18:30  Drone x3  
  174  18:32  Drone x3  
  178  18:36  Nydus Canal  
  178  18:37  Zergling x2  
  178  18:38  Zergling x14  
  178  18:40  Overseer  
  183  18:47  Hydralisk  
  182  19:02  Nydus Canal  
  182  19:03  Overlord x2  
  182  19:05  Overlord x2  
  182  19:10  Overlord  
  182  19:12  Overlord  
  182  19:15  Overseer  
  180  19:18  Hatchery  
  180  19:24  Baneling x5  
  179  19:25  Hydralisk x4  
  179  19:26  Hydralisk x6  
  199  19:33  Baneling x4  
  199  19:34  Lurker  
  197  19:56  Zergling x6  
  190  20:16  Zergling x18  
  190  20:20  Overseer  
  191  20:35  Zergling x18  
  200  20:38  Overlord x2  
  200  20:40  Overlord  
  197  20:43  Overlord  
  197  20:51  Baneling x9  
  195  20:57  Lurker x5  
  195  20:58  Lurker  
  195  21:03  Hydralisk x2  
  200  21:05  Overseer  
  188  21:25  Zergling x4  
  188  21:26  Zergling x20  
  188  21:28  Extractor x2  
  188  21:29  Extractor x2  
  188  21:31  Overlord x2  
  196  21:38  Overlord  
  195  21:45  Zergling x14  
  173  22:04  Zergling x42  
  169  22:21  Baneling x13, Overseer  
  169  22:26  Drone x2, Spore Crawler  
  169  22:27  Extractor, Drone, Spore Crawler  
  169  22:28  Extractor, Drone x3, Spore Crawler  
  170  22:34  Spore Crawler  
  170  22:36  Zergling x18  
  178  22:38  Overseer  
  178  22:40  Lurker x4  
  178  22:42  Infestor, Hydralisk x7, Zerg Missile Weapons Level 3  
  192  22:54  Zergling x14  
  197  23:09  Zergling x6  
  182  23:23  Zergling x44  
  169  23:30  Overseer  
  169  23:31  Hydralisk x8  
  171  23:36  Hatchery  
  171  23:41  Viper x2  
  170  23:42  Overseer  
  170  23:44  Lurker x6  
  170  23:45  Zergling x22  
  170  23:47  Overseer  
  193  23:50  Zergling x2  
  188  24:04  Hydralisk x8, Overseer  
  188  24:05  Hydralisk  
  188  24:07  Zergling x4  
  198  24:17  Hatchery  
  195  24:28  Zergling x2  
  195  24:29  Zergling x14  
  200  24:37  Infestor x3  
  189  24:43  Zergling x8  
  186  24:48  Hatchery  
  185  24:59  Viper x3  
  182  25:00  Overseer  
  179  25:07  Zergling x20  
  179  25:08  Zergling x30  
  169  25:20  Lurker x5  
  168  25:28  Lurker x2  
  166  25:44  Hatchery  
  166  25:47  Infestor x2  
  165  25:51  Hydralisk  
  165  25:52  Hydralisk  
  167  26:10  Hydralisk x2  
  167  26:11  Hydralisk x4  
  176  26:20  Overseer  
  176  26:26  Hatchery  
  176  26:29  Overseer  
  175  26:35  Hydralisk  
  175  26:36  Hydralisk x4  
  179  26:41  Drone x7  
  179  26:42  Lurker x5  
  179  26:43  Lurker x3  
  180  26:50  Nydus Canal, Spore Crawler  
  177  27:06  Overseer, Viper x4  
  189  27:10  Overseer  
  189  27:11  Nydus Canal  
  189  27:21  Hatchery  
  188  27:29  Overseer  
  188  27:31  Overlord x2, Overseer  
  186  27:39  Overlord  
  186  27:43  Lurker  
  187  27:46  Baneling x6  
  186  27:57  Hydralisk x3  
  177  28:00  Overseer x2  
  173  28:06  Hydralisk  
  173  28:07  Hydralisk  
  177  28:17  Overseer x2  
  171  28:20  Hydralisk x2  
  171  28:21  Hydralisk x2  
  171  28:26  Infestor  
  176  28:36  Lurker x3  
  176  28:37  Lurker x6  
  182  28:45  Hydralisk x2  
  166  28:57  Overseer x2  
  166  28:58  Lurker x2  
  166  28:59  Lurker x2  
  168  29:11  Infestor  
  165  29:24  Hydralisk x3  
  171  29:32  Baneling x6  
  167  29:51  Hydralisk x3  
  165  29:53  Infestor x3  
  155  30:01  Hydralisk x2  
  154  30:10  Hydralisk  

Tags
 
Add a new tag
Caveats
  • Supply blocks, unpowered buildings, or Contaminate may cause inaccurate times.
  • Supply counts are checked every 10 seconds.